 Dungeon Sprint DCSS version 0.20.1-1-g8b1a95d (webtiles) character file.

10 potatolord6000 the Caller (level 2, -10/15 HPs)
             Began as a Deep Elf Summoner on Aug 29, 2017.
             Was a Follower of Sif Muna.
             Mangled by an iguana (13 damage)
             ... in the Dungeon (Sprint VII: "The Pits").
             The game lasted 00:01:59 (238 turns).

potatolord6000 the Caller (Deep Elf Summoner)        Turns: 238, Time: 00:02:00

Health: -10/15     AC:  2    Str:  5    XL:     2   Next: 10%
Magic:  2/8        EV: 14    Int: 19    God:    Sif Muna [*.....]
Gold:   0          SH:  0    Dex: 15    Spells: 5/8 levels left

rFire    . . .     SeeInvis .   j - +2 dagger
rCold    . . .     Gourm    .   (no shield)
rNeg     . . .     Faith    .   a - +0 robe
rPois    .         Spirit   .   (no helmet)
rElec    .         Reflect  .   (no cloak)
rCorr    .         Harm     .   (no gloves)
MR       .....     NoTele   +   (no boots)
Stlth    +++.......             (no amulet)
Regen    0.1/turn               (no ring)
MPRegen  0.2/turn               (no ring)

@: no status effects
A: no striking features
a: Divine Energy, Renounce Religion


You were in the Dungeon.
You worshipped Sif Muna.
Sif Muna was aware of your devotion.
You were not hungry.

You visited 1 branch

Inventory:

Hand Weapons
 j - a +2 dagger (weapon)
Armour
 a - a +0 robe (worn)
Scrolls
 i - a scroll of blinking
 l - 3 scrolls of remove curse
 m - 5 scrolls of amnesia
 n - a scroll of summoning
Potions
 d - a potion of curing
 e - a potion of heal wounds
 f - a potion of haste
 g - 4 potions of magic
 h - 3 potions of berserk rage
 k - 2 potions of invisibility
Books
 b - a book of Callings

   Spells                             Type                      Level
   a - Summon Small Mammal            Summoning                    1
   b - Call Imp                       Summoning                    2
   c - Call Canine Familiar           Summoning                    3
   d - Summon Guardian Golem          Hexes/Summoning              3
   e - Summon Lightning Spire         Summoning/Air                4
   f - Summon Ice Beast               Ice/Summoning                4
Comestibles
 c - 8 bread rations
 o - 40 fruits
 p - 7 meat rations


   Skills:
 + Level 3.4 Dodging
 + Level 3.8 Stealth
 + Level 3.9 Spellcasting
 + Level 5.0 Summonings


You had 5 spell levels left.
You knew the following spells:

 Your Spells              Type           Power        Failure   Level  Hunger
a - Summon Small Mammal   Summ           ###.         1%          1    None
b - Call Imp              Summ           ###.....     2%          2    ##.....


Dungeon Overview and Level Annotations

Branches:
Dungeon (1/1)

Altars:
Ashenzari
Cheibriados
Dithmenos
Elyvilon
Fedhas
Gozag
Hepliaklqana
Kikubaaqudgha
Makhleb
Nemelex Xobeh
Okawaru
Qazlal
Ru
Sif Muna
Trog
Uskayaw
Vehumet
Xom
Yredelemnul
Zin
The Shining One
Beogh
Jiyva
Lugonu


Message History

You hit the rat.
You kill the rat!
Sif Muna accepts your kill.
The iguana hisses angrily.
You see here a rat corpse.
You hit the iguana.
The iguana is lightly wounded.
The iguana barely misses you.
Your iron imp closely misses the iguana.
You hit the iguana but do no damage.
The iguana is lightly wounded.
The iguana bites you!
Ouch! That really hurt!
* * * LOW HITPOINT WARNING * * *
Your iron imp barely misses the iguana.
You hit the iguana but do no damage.
The iguana is lightly wounded.
The iguana bites you!
Ouch! That really hurt!
You die...

#.......†...'..........
#+#####†#####......#..#
#..†).##..........
#####'#####'#####+
#.....##.......#
#.....##.......#
###5####.......#
##+#5....##...<...#
#..l@....##.......#
#...5...)##.......#
###########.......#
#########


You could see an iguana, a friendly iron imp and 2 friendly crimson imps.

Vanquished Creatures
  A jackal (D)
  A rat (D)
2 creatures vanquished.

Vanquished Creatures (collateral kills)
  An ooze (D)
  A leopard gecko (D)
  An orc (D)
  A giant cockroach (D)
  2 hobgoblins (D)
  A jackal (D)
7 creatures vanquished.

Grand Total: 9 creatures vanquished

Notes
Turn   | Place    | Note
-------+----------+-------------------------------------------
     0 | D        | potatolord6000 the Deep Elf Summoner began the quest for the Orb.
     0 | D        | Reached XP level 1. HP: 10/10 MP: 6/6
    61 | D        | Found a bloodstained altar of Trog.
    61 | D        | Found a deep blue altar of Sif Muna.
    61 | D        | Found a viscous altar of Jiyva.
    61 | D        | Found a hazy altar of Hepliaklqana.
    61 | D        | Found an opulent altar of Gozag.
    62 | D        | Found a glowing golden altar of the Shining One.
    62 | D        | Found a glowing silver altar of Zin.
    62 | D        | Found a basalt altar of Yredelemnul.
    62 | D        | Found a shimmering altar of Xom.
    62 | D        | Found a sacrificial altar of Ru.
    62 | D        | Found a stormy altar of Qazlal.
    62 | D        | Found an iron altar of Okawaru.
    62 | D        | Found a sparkling altar of Nemelex Xobeh.
    62 | D        | Found a burning altar of Makhleb.
    62 | D        | Found a blossoming altar of Fedhas.
    62 | D        | Found a white marble altar of Elyvilon.
    62 | D        | Found a shadowy altar of Dithmenos.
    62 | D        | Found a snail-covered altar of Cheibriados.
    65 | D        | Found a corrupted altar of Lugonu.
    65 | D        | Found a radiant altar of Vehumet.
    65 | D        | Found a roughly hewn altar of Beogh.
    66 | D        | Found an ancient bone altar of Kikubaaqudgha.
    66 | D        | Found a hide-covered altar of Uskayaw.
    66 | D        | Found a shattered altar of Ashenzari.
    69 | D        | Became a worshipper of Sif Muna the Loreminder
   140 | D        | Reached skill level 5 in Summonings
   140 | D        | Reached XP level 2. HP: 12/15 MP: 0/8
   144 | D        | Learned a level 2 spell: Call Imp
   223 | D        | Reached * piety under Sif Muna
   238 | D        | Mangled by an iguana

Skill      XL: |  1 |
---------------+----+-----
Stealth        | 3 |  3.8
Dodging        | 3 |  3.4
Summonings     | 5 |  5.0
Spellcasting   | |  3.9

Action                   || total
-------------------------++-------
Melee: Dagger            ||     6
 Cast: Summon Small Mamm ||    15
       Call Imp          ||     4
Armor: Robe              ||     4
Dodge: Dodged            ||    10
